 Dungeon Crawl Stone Soup version 0.20-a0-151-g755e310 (console) character file.

599543 nht the Executioner (level 25, -8/279 HPs)
             Began as a Minotaur Chaos Knight on Nov 22, 2016.
             Mangled by an Ice Fiend (13 damage)
             ... in Pandemonium.
             The game lasted 03:04:11 (54182 turns).

nht the Executioner (Minotaur Chaos Knight)        Turns: 54182, Time: 03:04:12

Health: -8/279     AC: 41    Str: 35    XL:     25   Next: 92%
Magic:  36/36      EV: 18    Int: 15    God:    Xom [.*....]
Gold:   5432       SH:  4    Dex: 11    Spells: 24/24 levels left

rFire  + + .     SeeInvis +     X - +7 exec axe {freeze, *Drain Str+3}
rCold  + . .     Gourm    .     Q - +8 gold dragon scales
rNeg   + + +     Faith    .     (shield currently unavailable)
rPois  +         Spirit   .     (helmet unavailable)
rElec  +         Reflect  .     p - +1 cloak "Weexo" {+Fly Int+5}
rCorr  .         Harm     .     y - +0 pair of gloves of the Boiling Point {Str+5 Slay+5}
MR     +++..                    w - +2 pair of boots
Stlth  ..........               Y - amulet of Vitality {Regen+ HP+15}
                                o - ring of Xiuwnih {rElec rN+++ MR+ Int-4 Dex-3}
                                I - ring "Wasa" {Int+5 SInv}

@: very slightly contaminated, hasted, very quick
A: retaliatory headbutt, horns 3, repulsion field 1, large bone plates 1,
camouflage 1, blink, blurry vision 2, fire resistance 1, magic resistance 1,
mutation resistance 1, sense surroundings 2, poison resistance, robust 1, strong
1
}: 4/15 runes: decaying, serpentine, silver, abyssal
a: Blink, Renounce Religion, Evoke Flight


You were in Pandemonium.
You worshipped Xom.
You were a plaything of Xom.
You were not hungry.

You visited 9 branches of the dungeon, and saw 47 of its levels.
You visited Pandemonium 1 time, and saw 2 of its levels.
You visited the Abyss 2 times.
You visited 1 bazaar.
You also visited: Labyrinth, Trove, Ice Cave and Desolation.

You collected 11242 gold pieces.
You spent 5810 gold pieces at shops.

Inventory:

Hand Weapons
 v - the +3 Elemental Staff {rElec rF++ rC++ MR++ AC+5}
   (You found it on level 4 of the Dungeon)

   It affects your AC (+5).
   It greatly protects you from fire.
   It greatly protects you from cold.
   It insulates you from electricity.
   It affects your resistance to hostile enchantments.
 A - the +7 lajatang of Order {silver, rMut}
   (You found it in a treasure trove)

   It protects you from mutation.
 B - the +5 demon whip "Spellbinder" {antimagic, MR+}
   (You found it in the Desolation of Salt)

   It reduces the magical energy of the wielder, and disrupts the spells and
   magical abilities of those hit.
   Natural abilities and divine invocations are not affected.
   It affects your resistance to hostile enchantments.
 X - the +7 executioner's axe of the Tired Eyes (weapon) {freeze, *Drain Str+3}
   (You found it in a treasure trove)

   It has been specially enchanted to freeze those struck by it, causing extra
   injury to most foes and up to half again as much damage against particularly
   susceptible opponents.
   It can also slow down cold-blooded creatures.
   It affects your strength (+3).
   It causes draining when unequipped.
Armour
 p - the +1 cloak "Weexo" (worn) {+Fly Int+5}
   (Xom gifted it to you on level 1 of the Vaults)

   It affects your intelligence (+5).
   It lets you fly.
 u - a +2 hat of see invisible
 w - a +2 pair of boots (worn)
 y - the +0 pair of gloves of the Boiling Point (worn) {Str+5 Slay+5}
   (You found it on level 4 of the Vaults)

   It affects your strength (+5).
   It affects your accuracy and damage with ranged weapons and melee attacks
   (+5).
 M - the +11 crystal plate armour "Usmirgh" {rCorr Int-3 Dex+4}
   (You found it on level 3 of the Crypt)

   It affects your intelligence (-3).
   It affects your dexterity (+4).
   It protects you from acid and corrosion.
 Q - +8 gold dragon scales (worn)
Rods
 r - a +9 rod of inaccuracy (15/15)
   (You acquired it on level 11 of the Dungeon)
 P - a +3 rod of clouds (11/11)
   (You took it off a deep elf archer on level 3 of the Elven Halls)
Jewellery
 b - the ring of Goqyrues {rElec rC+ MR+ Dex+3}
   (You bought it in a shop in a bazaar)

   [ring of protection from cold]

   It affects your dexterity (+3).
   It protects you from cold.
   It insulates you from electricity.
   It affects your resistance to hostile enchantments.
 o - the ring of Xiuwnih (right hand) {rElec rN+++ MR+ Int-4 Dex-3}
   (Xom gifted it to you on level 3 of the Elven Halls)

   [ring of protection from magic]

   It affects your intelligence (-4).
   It affects your dexterity (-3).
   It insulates you from electricity.
   It renders you almost immune to negative energy.
   It affects your resistance to hostile enchantments.
 s - an uncursed ring of resist corrosion
 t - the ring "Buini" {rF+ rN+}
   (You took it off a necromancer on level 3 of the Crypt)

   [ring of positive energy]

   It protects you from fire.
   It protects you from negative energy.
 I - the ring "Wasa" (left hand) {Int+5 SInv}
   (You found it on level 4 of the Depths)

   [ring of see invisible]

   It affects your intelligence (+5).
   It lets you see invisible.
 K - the macabre finger necklace {rN+}
   (You took it off a deep elf demonologist on level 3 of the Elven Halls)

   [amulet of nothing]

   It protects you from negative energy.
 R - the ring "Giubun" {rElec rPois rN+ MR- Int-5}
   (You took it off a necromancer on level 3 of the Crypt)

   [ring of positive energy]

   It affects your intelligence (-5).
   It insulates you from electricity.
   It protects you from poison.
   It protects you from negative energy.
   It affects your resistance to hostile enchantments.
 Y - the amulet of Vitality (around neck) {Regen+ HP+15}
   (You bought it in a shop in a bazaar)

   [amulet of regeneration]

   It affects your health (+15).
   It increases your rate of regeneration.
Wands
 F - a wand of digging (12/24)
 H - a wand of acid (6/15)
 S - a wand of disintegration (17/24)
 Z - a wand of heal wounds (6/9)
Scrolls
 e - 13 scrolls of identify
 f - 6 scrolls of recharging
 g - 3 scrolls of blinking
 i - 22 scrolls of remove curse
 x - 2 scrolls of silence
 E - a scroll of summoning
 G - 7 scrolls of magic mapping
 L - 4 scrolls of teleportation
 N - 5 scrolls of fog
 O - 2 scrolls of holy word
Potions
 a - a potion of cure mutation
 d - 4 potions of cancellation
 m - 6 potions of heal wounds
 C - 2 potions of haste
 J - 6 potions of might
 U - 4 potions of agility
 V - 13 potions of curing
 W - 7 potions of resistance
Miscellaneous
 h - a phial of floods
 k - a phantom mirror
 n - a lamp of fire
 z - 3 sacks of spiders
 D - a disc of storms
 T - a fan of gales
Comestibles
 c - 18 bread rations
 j - 28 royal jellies
 l - 25 meat rations
 q - 19 fruits


   Skills:
 + Level 22.5 Fighting
 - Level 26.0 Axes
 - Level 12.4 Staves
 + Level 22.2 Armour
 - Level 18.6 Dodging
 - Level 20.2 Evocations


You had 24 spell levels left.
You didn't know any spells.

Dungeon Overview and Level Annotations

Branches:
Dungeon (15/15)            Temple (0/1) D:6            Lair (6/6) D:9
  Swamp (4/4) Lair:3        Snake (4/4) Lair:2        Slime (0/5) Lair:5
    Orc (2/2) D:11            Elf (3/3) Orc:2        Vaults (5/5) D:13
  Crypt (3/3) Vaults:3       Tomb (0/3) Crypt:3      Depths (5/5) D:15
    Zot (0/5) Depths:5

Altars:
Cheibriados
Elyvilon
Fedhas
Gozag
Kikubaaqudgha
Makhleb
Okawaru
Qazlal
Ru
Sif Muna
Trog
Uskayaw
Vehumet
Xom
Zin
The Shining One
Beogh

Shops:
D:6 [   Orc:2 ([*(   Snake:3 !   Snake:4 }}=   Vaults:5 !   Depths:1 *

Portals:
Hell: Depths:1 Depths:2 Depths:3 Depths:4 Depths:5
Abyss: Depths:3 Depths:4
Pandemonium: Depths:1 Depths:3 Depths:4
Ziggurat: Depths:1

Annotations:
D:15 exclusion: Roxanne, Roxanne


Innate Abilities, Weirdness & Mutations

You reflexively headbutt those who attack you in melee.
You have a pair of large horns on your head.
You are surrounded by a mild repulsion field. (EV +2)
You are partially covered in large bone plates. (SH +4)
Your skin changes colour to match your surroundings (Stealth+).
You can translocate small distances at will.
Scrolls take you longer to read.
Your flesh is heat resistant. (rF+)
You are resistant to hostile enchantments. (MR+)
You are somewhat resistant to further mutation.
You passively map the area around you.
Your system is resistant to poisons. (rPois)
You are robust. (+10% HP)
Your muscles are strong. (Str +2)


Message History

The Ice Fiend barely misses you. You furiously retaliate!
You headbutt the Ice Fiend, but do no damage.
The Ice Fiend claws you!
* * * LOW HITPOINT WARNING * * *
The Ice Fiend freezes you! You resist.
* * * LOW HITPOINT WARNING * * *
The soul eater barely misses you. 4 soul eaters come into view.
Drop what? 52/52 slots (_ for help) (? for menu, Esc to quit)
Okay, then.
Really read with blurry vision while enemies are nearby? [Y]es or [N]o only, please.
Really read with blurry vision while enemies are nearby?
Fisic hits you but does no damage.
You begin reading the scroll.
You continue reading the scroll.
Magic restored.
The Ice Fiend claws you.
* * * LOW HITPOINT WARNING * * *
The Ice Fiend freezes you! You resist.
You die...
Xom chuckles heartily!

* ,, , , *
*, * , , ,,
, * * ,,
,,, , , ,
█+█* * *
█.██, ,, +
* , *
█.█3*████ *
+ *
█.█3█... *,
,*
,█.█313██ ,
* ,*
,█.██@..█,*
, *
,██11&█.█
,, █████,█
, , , , *,
,, , , * *'
, , , , * ,
, * * ***
** * * , ,
, , ,, , ,
, , ,, , *
*


You could see Fisic, 3 Ice Fiends and 4 soul eaters.

Vanquished Creatures
  2 ancient liches (Crypt:3)
  Mennas (Depths:3)
  Boris (Crypt:2)
  A pandemonium lord (Pan)
  Margery (Depths:2)
  Vashnia (Snake:3)
  3 golden dragons
  Nikola (Snake:1)
  7 liches
  A hellephant (Vaults:2)
  3 tentacled monstrosities
  An Ice Fiend (Pan)
  2 deep elf master archers (Elf:3)
  A quicksilver dragon (Vaults:5)
  The ghost of murphy the Slayer, an adept MiBe of Trog (Vaults:1)
  A deep elf blademaster (Elf:3)
  2 tentacled starspawn
  2 titans
  An Executioner (Pan)
  Gastronok (Lair:2)
  3 ancient champions (Crypt:2)
  Agnes (Snake:1)
  3 sphinxes
  The ghost of McCoppin the Whirler, an adept HaHu of Ashenzari (Lair:2)
  A thorn hunter (Swamp:2)
  6 shadow dragons
  8 nagarajas
  5 storm dragons
  5 fire giants
  6 tengu reavers
  13 vault wardens
  12 frost giants
  2 orc warlords
  A cacodemon (Abyss:3)
  2 ghost moths (Abyss:3)
  4 imperial myrmidons (Desolation)
  A balrug (Pan)
  8 deep elf sorcerers
  A warmonger (Pan)
  2 iron dragons
  9 deep elf elementalists
  4 emperor scorpions (Depths:4)
  4 curse skulls
  31 very ugly things
  4 war gargoyles (Vaults:5)
  15 ironheart preservers
  2 draconian annihilators (Depths:5)
  A juggernaut skeleton (Crypt:1)
  3 reapers (Crypt:3)
  13 stone giants
  4 vampire knights
  A draconian caller (Depths:5)
  7 deep elf demonologists
  An entropy weaver (Vaults:2)
  2 halazid warlocks (Desolation)
  A dire elephant (shapeshifter) (Vaults:4)
  9 deep elf annihilators
  A dire elephant (Lair:6)
  2 purple draconians (Depths:5)
  14 eidola
  13 ettins
  A mottled draconian (Depths:5)
  A blizzard demon (Depths:3)
  10 deep elf death magi
  A white draconian (Depths:5)
  A crystal guardian (Desolation)
  3 green deaths (Depths:4)
  8 fire dragons
  5 ragged hierophants (Desolation)
  A minotaur (Lab)
  6 great orbs of eyes
  6 deep elf high priests
  12 yaktaur captains
  A mummy priest (Crypt:3)
  5 jiangshi
  11 peacekeepers (Desolation)
  34 vault guards
  12 centaur warriors
  12 naga warriors
  A ghost crab (shapeshifter) (Vaults:5)
  10 ice dragons
  2 catoblepae
  4 ghost crabs
  9 hydras
  17 servants of whispers (Desolation)
  3 spriggan air magi
  Erica (D:8)
  4 rakshasas
  4 death knights
  A satyr (D:12)
  12 anacondas
  12 alligators
  25 dancing weapons
  3 deep troll earth magi
  8 death yaks
  A deep troll shaman (Depths:2)
  18 ogre magi
  3 tengu warriors
  A hell hog (Snake:4)
  2 titan zombies (Crypt:3)
  6 vampire magi
  23 naga sharpshooters
  6 shock serpents
  3 thrashing horrors (Abyss:3)
  A storm dragon zombie (Depths:2)
  An orc high priest (Elf:1)
  36 deep elf knights
  Nergalle (Lair:4)
  2 spriggan berserkers (Depths:5)
  2 shadow wraiths
  8 soul eaters
  3 wretched stars (Abyss:3)
  2 sun demons
  An iron troll (Depths:2)
  5 sixfirhies
  15 hell knights
  29 skeletal warriors
  2 salamander mystics (Snake:4)
  An iron giant zombie (Crypt:1)
  2 unseen horrors
  5 flayed ghosts
  2 storm dragon skeletons (Crypt:3)
  20 deep trolls
  An anaconda zombie (Crypt:3)
  An infernal demonspawn (Pan)
  A torturous demonspawn (Depths:3)
  A spriggan druid (Swamp:2)
  15 deep elf archers
  A gelid demonspawn (Depths:1)
  8 sea snakes
  A golden dragon zombie (Crypt:3)
  A death drake (Vaults:2)
  3 glowing orange brains
  5 naga ritualists
  3 wizards
  A shambling mangrove (Swamp:2)
  3 swamp dragons (Swamp:4)
  An anaconda skeleton (Crypt:3)
  15 phantasmal warriors
  2 wolf spider zombies (Crypt:3)
  11 hill giants
  17 necromancers
  15 ironbrand convokers
  16 orc knights
  A harpy (shapeshifter) (Vaults:1)
  8 salamanders
  7 mana vipers
  A shadow dragon skeleton (Crypt:3)
  5 cyclopes
  32 ugly things
  An orc sorcerer (Depths:1)
  A wolf spider (shapeshifter) (Vaults:5)
  4 manticores
  A harpy (Vaults:3)
  72 deep elf magi
  3 stone giant zombies
  A cyclops (shapeshifter) (Vaults:4)
  12 wolf spiders
  A frost giant skeleton (Crypt:3)
  A faun (shapeshifter) (Depths:2)
  A worldbinder (Abyss:3)
  A salamander (shapeshifter) (Depths:2)
  A shock serpent zombie (Crypt:2)
  A rust devil (Depths:3)
  17 elephants
  Maurice (D:10)
  A stone giant skeleton (Crypt:3)
  41 black mambas
  A water nymph (shapeshifter) (Vaults:4)
  3 ice statues (IceCv)
  23 spiny frogs
  15 guardian serpents
  Psyche (D:10)
  A molten gargoyle (Desolation)
  An orange demon (Abyss:3)
  An apocalypse crab (Abyss:3)
  15 vault sentinels
  3 centaur skeletons
  12 naga magi
  A fire giant skeleton (Depths:2)
  2 torpor snails
  4 gargoyles (Lab)
  A spiny frog (shapeshifter) (Vaults:4)
  2 smoke demons (Abyss:3)
  A dire elephant skeleton (Crypt:2)
  A rime drake (Lair:3)
  8 komodo dragons
  An efreet (Abyss:3)
  A tormentor (Depths:1)
  16 freezing wraiths
  2 kobold demonologists
  44 yaktaurs
  An ancient zyme (Abyss:3)
  13 hellwings (Crypt:3)
  A yaktaur (shapeshifter) (Elf:2)
  3 ice devils
  2 tengu conjurers (D:15)
  5 trolls
  2 guardian mummies (Crypt:3)
  A hydra zombie (Crypt:1)
  A meliai (shapeshifter) (Vaults:1)
  2 jumping spiders (shapeshifter)
  10 tyrant leeches
  A hydra skeleton (Crypt:1)
  15 hornets
  3 minotaur skeletons
  A polar bear (shapeshifter) (Depths:3)
  72 saltlings (Desolation)
  Grinder (D:6)
  3 polar bears (Lair:6)
  5 jumping spiders
  A queen bee (Snake:1)
  An iron dragon simulacrum (Depths:2)
  38 two-headed ogres
  10 bog bodies
  3 ettin zombies
  4 raiju (Abyss:3)
  9 hippogriffs
  32 slime creatures
  2 frost giant simulacra
  4 dream sheep (Lair:5)
  13 blink frogs
  2 fire dragon zombies (Crypt:3)
  4 shadows
  A fire dragon skeleton (Crypt:3)
  7 air elementals
  Sigmund (D:4)
  6 starcursed masses (Abyss:3)
  A tarantella (shapeshifter) (Vaults:4)
  3 redbacks (Crypt:3)
  28 yaks
  3 small abominations
  10 wraiths
  6 spriggans
  A black mamba zombie (Crypt:3)
  An ushabti (Crypt:3)
  4 ynoxinuls
  3 large abominations (Abyss:3)
  3 tarantellas (Depths:4)
  A human (Lair:2)
  3 ettin skeletons
  6 water elementals
  Grum (D:11)
  7 wyverns
  7 fire elementals
  Eustachio (D:6)
  A neqoxec (Abyss:3)
  3 hungry ghosts
  2 spatial vortices (D:15)
  A fire bat (shapeshifter) (Elf:3)
  4 swamp worm simulacra (Swamp:4)
  A human simulacrum (Vaults:2)
  Menkaure (D:6)
  A monstrous demonspawn zombie (Crypt:2)
  20 vampire mosquitoes
  3 mottled dragons
  16 wargs
  A gelid demonspawn zombie (Crypt:2)
  3 soldier ants
  62 nagas
  19 swamp worms
  19 insubstantial wisps
  2 soldier ants (shapeshifter)
  11 water moccasins
  A floating eye (Depths:2)
  8 porcupines
  A floating eye (shapeshifter) (Vaults:3)
  13 hydra simulacra (Swamp:4)
  17 ice beasts
  A hornet zombie (D:11)
  7 swamp drakes
  A black bear (shapeshifter) (D:14)
  An ettin simulacrum (Depths:2)
  4 sky beasts
  2 black bears
  53 ogres
  30 orc warriors
  A necrophage (D:8)
  An eye of draining (D:9)
  15 wolves
  4 phantoms
  A swamp dragon zombie (Crypt:3)
  3 boggarts (Depths:3)
  A snapping turtle skeleton (Crypt:1)
  8 centaurs
  11 crocodiles
  4 big kobolds
  Blork the orc (D:4)
  An octopode zombie (Crypt:2)
  16 bullfrogs
  2 gnoll sergeants
  3 earth elementals
  9 wyvern skeletons
  9 scorpions
  A troll zombie (Crypt:3)
  11 killer bees
  5 howler monkeys
  A spriggan skeleton (Crypt:1)
  4 wights (Crypt:1)
  The ghost of KristoblXynda the Sneak, a weakling DrEn (D:3)
  7 electric eels
  10 crimson imps
  A bullfrog zombie (D:9)
  7 jellies
  A quasit (D:8)
  15 orc priests
  2 centaur zombies
  7 hounds
  6 bullfrog skeletons
  14 orc wizards
  An iron imp (Depths:3)
  6 iguanas
  Natasha (D:2)
  11 worker ants
  A tengu zombie (Crypt:1)
  A crocodile skeleton (Crypt:1)
  2 howler monkey zombies
  2 worker ant zombies
  2 howler monkey skeletons (D:7)
  6 gnolls
  8 adders
  10 shadow imps
  2 oozes
  3 swamp drake simulacra (Swamp:4)
  A lava snake zombie (Crypt:2)
  4 adder skeletons
  An adder zombie (D:8)
  7 dart slugs
  3 worms
  9 leopard geckos
  82 orcs
  A ball python (D:2)
  10 bats
  A bat zombie (Crypt:1)
  6 giant cockroaches
  8 hobgoblins
  3 jackals (D:4)
  4 quokkas
  5 frilled lizards
  5 goblins
  A jackal skeleton (D:7)
  11 kobolds
  9 rats
  A rat zombie (Crypt:2)
  A pillar of salt (Vaults:4)
  3 plants
  2 starspawn tentacles (Abyss:3)
  5 withered plants (Crypt:3)
2304 creatures vanquished.

Vanquished Creatures (collateral kills)
  Sojobo (Crypt:2)
  A nagaraja (Snake:4)
  A vault warden (Vaults:3)
  A very ugly thing (Vaults:2)
  An ironheart preserver (Vaults:4)
  3 yaktaur captains
  A ragged hierophant (Desolation)
  An ice dragon (Swamp:4)
  A naga warrior (Snake:4)
  A death knight (Vaults:3)
  A dancing weapon (Elf:2)
  A merfolk avatar (Lair:6)
  A shock serpent (Snake:1)
  A deep elf knight (Elf:2)
  A skeletal warrior (Crypt:2)
  A salamander mystic (Snake:4)
  3 sea snakes
  A swamp dragon (Swamp:2)
  2 ironbrand convokers
  A deep elf mage (Elf:3)
  2 salamanders (Snake:4)
  A guardian serpent (Snake:4)
  A black mamba (Snake:4)
  A vault sentinel (Vaults:3)
  3 komodo dragons (Lair:6)
  3 yaktaurs
  A polar bear (Lair:6)
  3 saltlings (Desolation)
  A bog body (Swamp:2)
  4 slime creatures
  5 nagas (Snake:4)
  A swamp worm (Swamp:4)
  2 insubstantial wisps (Swamp:4)
  A hydra simulacrum (Swamp:4)
  2 orc warriors
  3 ogres
  A big kobold (D:11)
  A gnoll sergeant (D:11)
  A bullfrog skeleton (D:6)
  2 gnolls (D:11)
  2 dart slugs (D:6)
  2 orcs (Orc:2)
68 creatures vanquished.

Vanquished Creatures (others)
  An ironheart preserver (Vaults:1)
  3 very ugly things (Vaults:2)
  2 vault guards
  2 ragged hierophants (Desolation)
  A naga warrior (Snake:3)
  6 dancing weapons
  A hell hog (Depths:1)
  A sea snake (Snake:4)
  An unseen horror (Vaults:1)
  A deep elf archer (Elf:2)
  2 deep elf magi
  A guardian serpent (Desolation)
  A naga mage (Snake:3)
  An orc warrior (D:11)
  A two-headed ogre (Orc:2)
  2 saltlings (Desolation)
  A mottled dragon (shapeshifter) (Vaults:4)
  A naga (Snake:3)
  A warg (Vaults:1)
  A floating eye (Depths:3)
  A swamp drake (Swamp:4)
  2 ogres
  A wolf (Lair:4)
  A hound (D:13)
  An orc wizard (Depths:1)
  A gnoll (D:11)
  A shadow imp (D:14)
  4 orcs
  3 fungi
  A lurking horror (Abyss:3)
  8 plants
  2 starspawn tentacles (Depths:2)
  4 withered plants (Crypt:3)
61 creatures vanquished.

Grand Total: 2433 creatures vanquished

Notes
Turn   | Place    | Note
-------+----------+-------------------------------------------
     0 | D:1      | nht the Minotaur Chaos Knight began the quest for the Orb.
     0 | D:1      | Reached XP level 1. HP: 19/19 MP: 0/0
   129 | D:1      | Reached skill level 4 in Axes
   133 | D:1      | Reached XP level 2. HP: 24/27 MP: 1/1
   384 | D:1      | XOM: divination: magic mapping
   519 | D:1      | Reached XP level 3. HP: 32/33 MP: 2/2
   742 | D:2      | Found a deep blue altar of Sif Muna.
   762 | D:2      | XOM: harmless Pois miscast
   771 | D:2      | Reached skill level 5 in Axes
   927 | D:2      | Noticed Natasha
   927 | D:2      | XOM: butterfly on damage
   932 | D:2      | Killed Natasha
   932 | D:2      | Reached XP level 4. HP: 3/40 MP: 3/3
  1161 | D:2      | Found a bloodstained altar of Trog.
  1164 | D:2      | Reached skill level 6 in Axes
  1173 | D:2      | XOM: noise
  1360 | D:3      | XOM: cloud trail
  1391 | D:3      | XOM: divination: detect items
  1403 | D:3      | Noticed a phantom
  1410 | D:3      | XOM: potion effect (invisibility)
  1414 | D:3      | Killed a phantom
  1414 | D:3      | Reached skill level 7 in Axes
  1414 | D:3      | Reached XP level 5. HP: 29/46 MP: 4/4
  1570 | D:3      | Found a snail-covered altar of Cheibriados.
  1671 | D:3      | XOM: mild Erth miscast
  1704 | D:3      | Noticed KristoblXynda's ghost (weakling DrEn)
  1704 | D:3      | Reached XP level 6. HP: 43/52 MP: 5/5
  1711 | D:3      | Reached skill level 8 in Axes
  1723 | D:3      | Killed KristoblXynda's ghost
  2026 | D:4      | Reached skill level 9 in Axes
  2043 | D:4      | Reached XP level 7. HP: 31/58 MP: 4/6
  2132 | D:4      | Noticed Blork the orc
  2138 | D:4      | Killed Blork the orc
  2252 | D:4      | Noticed Sigmund
  2267 | D:4      | Killed Sigmund
  2277 | D:4      | Found a glowing golden altar of the Shining One.
  2385 | D:4      | XOM: give mutations
  2385 | D:4      | Gained mutation: You have a pair of large horns on your head. [Xom's grace]
  2385 | D:4      | Gained mutation: You have sharp fingernails. [Xom's grace]
  2435 | D:4      | XOM: god gift: 2300 gold pieces
  2624 | D:5      | Entered Level 5 of the Dungeon
  2680 | D:5      | You fall through a shaft for 3 floors!
  2747 | D:7      | Reached skill level 5 in Staves
  2813 | D:7      | Reached XP level 8. HP: 66/66 MP: 5/7
  2979 | D:6      | Found a staircase to the Ecumenical Temple.
  2979 | D:6      | Found Kig Asua's Armour Boutique.
  3020 | D:6      | Bought a +2 pair of boots for 247 gold pieces
  3020 | D:6      | Bought a +0 cloak for 67 gold pieces
  3119 | D:6      | Noticed Grinder
  3124 | D:6      | XOM: confuse monster(s)
  3241 | D:6      | Found a burning altar of Makhleb.
  3241 | D:6      | Noticed a balrug
  3257 | D:6      | XOM: confuse monster(s)
  3258 | D:6      | XOM: give mutations
  3258 | D:6      | Gained mutation: You are dopey. (Int -2) [Xom's mischief]
  3258 | D:6      | Gained mutation: Your spells are a little easier to cast, but a little less powerful. [Xom's mischief]
  3258 | D:6      | Lost mutation: You have a pair of large horns on your head. [Xom's mischief]
  3258 | D:6      | Gained mutation: You expend magic power (3 MP) to strengthen your wands. [Xom's mischief]
  3262 | D:6      | XOM: blink monster(s)
  3266 | D:6      | XOM: divination: detect creatures
  3379 | D:6      | XOM: enchant monster (good)
  3419 | D:6      | Killed Grinder
  3419 | D:6      | Reached skill level 1 in Evocations
  3426 | D:6      | Noticed Menkaure
  3433 | D:6      | Killed Menkaure
  3434 | D:6      | Noticed Eustachio
  3442 | D:6      | Killed Eustachio
  3442 | D:6      | Reached skill level 10 in Staves
  3442 | D:6      | Reached XP level 9. HP: 27/71 MP: 4/9
  3531 | D:6      | XOM: snakes to sticks
  3643 | D:6      | XOM: harmless Divn miscast
  3991 | D:5      | Found a radiant altar of Vehumet.
  4028 | D:5      | Found a stormy altar of Qazlal.
  4131 | D:5      | XOM: cloud trail
  4460 | D:5      | Found a sacrificial altar of Ru.
  4698 | D:7      | Gained mutation: You are agile. (Dex +2) [potion of mutation]
  4698 | D:7      | Gained mutation: You are very dopey. (Int -4) [potion of mutation]
  4920 | D:8      | XOM: confuse monster(s)
  4995 | D:8      | XOM: cast spell 'Ice Form'
  5040 | D:8      | XOM: noise
  5058 | D:8      | XOM: harmless Pois miscast
  5069 | D:8      | Found an iron altar of Okawaru.
  5143 | D:8      | XOM: give mutation
  5143 | D:8      | Gained mutation: You are partially covered in icy blue scales. (AC +2) [Xom's mischief]
  5216 | D:8      | XOM: harmless Tmut miscast
  5250 | D:8      | Found a blossoming altar of Fedhas.
  5375 | D:8      | Noticed Erica
  5379 | D:8      | XOM: smoke on damage
  5381 | D:8      | XOM: harmless Erth miscast
  5385 | D:8      | XOM: cast spell 'Alistair's Intoxication'
  5386 | D:8      | Killed Erica
  5408 | D:8      | XOM: god gift: glowing morningstar {god gift}
  5713 | D:8      | Reached skill level 5 in Evocations
  5713 | D:8      | Reached XP level 10. HP: 66/78 MP: 9/12
  5725 | D:8      | Found a shimmering altar of Xom.
  5727 | D:8      | Found a white marble altar of Elyvilon.
  5727 | D:8      | Found an opulent altar of Gozag.
  5729 | D:8      | Found an ancient bone altar of Kikubaaqudgha.
  5729 | D:8      | Found a shimmering altar of Xom.
  5729 | D:8      | Found a deep blue altar of Sif Muna.
  5797 | D:8      | XOM: cast spell 'Necromutation'
  5917 | D:9      | Found a staircase to the Lair.
  5950 | D:9      | Found a hide-covered altar of Uskayaw.
  6097 | D:9      | Found a burning altar of Makhleb.
  6277 | D:9      | Paralysed by a hornet for 1 turns
  6653 | D:10     | Entered Level 10 of the Dungeon
  6694 | D:10     | Lost mutation: You expend magic power (3 MP) to strengthen your wands. [potion of cure mutation]
  6694 | D:10     | Lost mutation: Your spells are a little easier to cast, but a little less powerful. [potion of cure mutation]
  6694 | D:10     | Lost mutation: You are agile. (Dex +2) [potion of cure mutation]
  6694 | D:10     | Lost mutation: You are very dopey. (Int -4) [potion of cure mutation]
  6694 | D:10     | Lost mutation: You are partially covered in icy blue scales. (AC +2) [potion of cure mutation]
  6694 | D:10     | Lost mutation: You are dopey. (Int -2) [potion of cure mutation]
  6751 | D:10     | XOM: harmless Tloc miscast
  6789 | D:10     | XOM: silly message
  6818 | D:10     | Noticed a hill giant
  6819 | D:10     | Noticed Psyche
  6847 | D:11     | Found a labyrinth entrance.
  6857 | Lab      | Entered a labyrinth
  6959 | Lab      | Noticed a gargoyle
  6960 | Lab      | Noticed a gargoyle
  6969 | Lab      | Killed a gargoyle
  6970 | Lab      | Noticed a gargoyle
  6975 | Lab      | Killed a gargoyle
  6983 | Lab      | Killed a gargoyle
  7027 | Lab      | Noticed a gargoyle
  7029 | Lab      | XOM: harmless Fire miscast
  7032 | Lab      | XOM: enchant monster (bad)
  7041 | Lab      | Killed a gargoyle
  7331 | Lab      | Noticed a minotaur
  7333 | Lab      | XOM: confuse monster(s)
  7342 | Lab      | Killed a minotaur
  7342 | Lab      | Reached skill level 10 in Evocations
  7342 | Lab      | Reached XP level 11. HP: 83/83 MP: 17/17
  7350 | Lab      | Identified the Incunabulum of Boosts
  7424 | D:11     | Noticed a four-headed hydra
  7425 | D:11     | Gained mutation: You passively map a small area around you. [potion of beneficial mutation]
  7429 | D:11     | Killed a four-headed hydra
  7557 | D:11     | Noticed Grum
  7565 | D:11     | Killed Grum
  7721 | D:11     | Found a staircase to the Orcish Mines.
  7723 | D:11     | XOM: divination: detect creatures
  7738 | D:11     | XOM: summons friendly ufetubus
  7822 | D:11     | Killed an unseen horror
  7850 | D:11     | XOM: mild Tmut miscast
  7932 | D:12     | Noticed a brown ugly thing
  7933 | D:12     | Noticed a satyr
  7933 | D:12     | a brown ugly thing changed into a satyr
  7933 | D:12     | XOM: polymorph brown ugly thing -> satyr
  7937 | D:12     | Killed a satyr
  8025 | D:12     | XOM: 2-stop teleportation journey
  8074 | D:12     | Noticed a hill giant
  8083 | D:12     | Killed a hill giant
  8085 | D:12     | XOM: noise
  8090 | D:12     | XOM: enchant monster (bad)
  8127 | D:12     | XOM: confuse monster(s)
  8272 | D:12     | XOM: mild Chrm miscast
  8418 | D:12     | XOM: noise
  8535 | D:12     | Noticed an orc knight
  8569 | D:12     | Killed an orc knight
  8676 | D:10     | Killed a hill giant
  8676 | D:10     | Reached XP level 12. HP: 84/91 MP: 17/20
  8708 | D:10     | Killed Psyche
  8786 | D:10     | Noticed Maurice
  8794 | D:10     | Killed Maurice
  9053 | D:10     | XOM: harmless Summ miscast
  9127 | D:10     | XOM: harmless Conj miscast
  9220 | Lair:1   | Entered Level 1 of the Lair of Beasts
  9220 | Lair:1   | Noticed a five-headed hydra
  9224 | Lair:1   | Killed a five-headed hydra
  9313 | Lair:1   | XOM: cloud trail
  9446 | Lair:1   | XOM: harmless Erth miscast
  9471 | Lair:1   | XOM: noise
  9474 | Lair:1   | XOM: cast spell 'Spider Form'
  9530 | Lair:1   | XOM: divination: detect items
  9537 | Lair:1   | XOM: summons 3 hostile demons
  9851 | Lair:1   | XOM: summons 5 hostile demons
  9928 | Lair:2   | XOM: confusion (+ monsters)
  9942 | Lair:2   | XOM: polymorph water moccasin -> human
  9968 | Lair:2   | Noticed Gastronok
  9989 | Lair:2   | XOM: confuse monster(s)
  9997 | Lair:2   | Killed Gastronok
 10005 | Lair:2   | Found a staircase to the Snake Pit.
 10031 | Lair:2   | Found a frozen archway.
 10042 | Lair:2   | Reached skill level 15 in Evocations
 10045 | Lair:2   | XOM: enchant monster (good)
 10048 | Lair:2   | Noticed McCoppin's ghost (adept HaHu)
 10053 | Lair:2   | XOM: polymorph wolf -> iguana
 10061 | Lair:2   | XOM: summons friendly crimson imp
 10071 | Lair:2   | XOM: confuse monster(s)
 10093 | Lair:2   | Killed McCoppin's ghost
 10109 | IceCv    | Entered an ice cave
 10142 | IceCv    | Got a jewelled scale mail
 10167 | IceCv    | Identified the cursed +0 scale mail of Zaeplewn {+Fly} (You found it in an ice cave)
 10217 | IceCv    | XOM: summons 5 friendly demons
 10235 | IceCv    | XOM: confuse monster(s)
 10240 | IceCv    | Reached XP level 13. HP: 81/96 MP: 20/23
 10264 | IceCv    | Identified Sif Muna's Tome of Frigorific Shape Shifting
 10270 | IceCv    | Got scorched ice dragon scales
 10323 | Lair:2   | Identified the +1 ice dragon scales "Vimn" {rF- rC++ rN++ MR- Int+3 Dex-2} (You found it in an ice cave)
 10390 | Lair:2   | XOM: scenery: create altars
 10632 | Lair:2   | XOM: god gift: 21 stones
 10946 | Lair:3   | Found a staircase to the Swamp.
 11351 | Lair:3   | Noticed a fire dragon
 11359 | Lair:3   | XOM: summons 2 friendly demons
 11364 | Lair:3   | Killed a fire dragon
 11366 | Lair:3   | XOM: polymorph quasit -> white imp
 11442 | Lair:3   | XOM: polymorph elephant -> manticore
 11661 | Lair:3   | Reached skill level 5 in Fighting
 11770 | Lair:3   | XOM: scenery: create altars
 11820 | Lair:3   | XOM: mild Pois miscast
 11979 | Lair:4   | XOM: cast spell 'Confusing Touch'
 11988 | Lair:4   | XOM: confuse monster(s)
 12033 | Lair:4   | XOM: fog
 12040 | Lair:4   | XOM: destruction
 12049 | Lair:4   | XOM: cast spell 'Dragon Form'
 12082 | Lair:4   | Noticed Nergalle
 12086 | Lair:4   | Killed Nergalle
 12130 | Lair:4   | Reached skill level 5 in Armour
 12285 | Lair:4   | XOM: chaos cloud
 12286 | Lair:4   | Cast into level 3 of the Abyss (you)
 12420 | Abyss:3  | Noticed a bone dragon
 12421 | Abyss:3  | Noticed a starcursed mass
 12428 | Abyss:3  | XOM: summons 4 hostile demons
 12433 | Abyss:3  | XOM: polymorph iron imp -> quasit
 12491 | Abyss:3  | Noticed a starcursed mass
 12495 | Abyss:3  | XOM: swap monsters
 12497 | Abyss:3  | XOM: destruction
 12508 | Abyss:3  | XOM: harmless Conj miscast
 12511 | Abyss:3  | XOM: confusion (+ monsters)
 12517 | Abyss:3  | XOM: fog
 12524 | Abyss:3  | XOM: destruction
 12526 | Abyss:3  | Reached skill level 5 in Dodging
 12562 | Lair:4   | Escaped the Abyss
 12590 | Lair:4   | XOM: harmless Necr miscast
 12696 | Lair:4   | XOM: enchant monster (bad)
 12704 | Lair:4   | Reached XP level 14. HP: 71/113 MP: 21/25
 12708 | Lair:4   | XOM: harmless Fire miscast
 12828 | Lair:4   | XOM: repel stairs
 13165 | Lair:5   | Found a staircase to the Slime Pits.
 13182 | Lair:5   | XOM: swap monsters
 13265 | Lair:5   | XOM: chaos cloud
 13396 | Lair:5   | XOM: mild Conj miscast
 13397 | Lair:5   | XOM: confuse monster(s)
 13421 | Lair:5   | XOM: give mutations
 13421 | Lair:5   | Gained mutation: You passively map the area around you. [Xom's grace]
 13421 | Lair:5   | Gained mutation: You have a pair of large horns on your head. [Xom's grace]
 13421 | Lair:5   | Gained mutation: You are somewhat resistant to further mutation. [Xom's grace]
 13464 | Lair:5   | XOM: summons 4 friendly demons
 13704 | Lair:5   | XOM: 1-stop teleportation journey
 13775 | Lair:5   | XOM: give mutations
 13775 | Lair:5   | Gained mutation: You are clumsy. (Dex -2) [Xom's mischief]
 13775 | Lair:5   | Lost mutation: You are somewhat resistant to further mutation. [Xom's mischief]
 13908 | Lair:5   | XOM: cleaving
 13931 | Lair:6   | Entered Level 6 of the Lair of Beasts
 14019 | Lair:6   | XOM: summons 14 friendly demons
 14051 | Lair:6   | XOM: polymorph white imp -> crimson imp
 14095 | Lair:6   | XOM: chaos cloud
 14123 | Lair:6   | XOM: stat loss: -1 Str (19/20)
 14126 | Lair:6   | XOM: give mutations
 14126 | Lair:6   | Lost mutation: You have sharp fingernails. [Xom's mischief]
 14126 | Lair:6   | Gained mutation: You are very clumsy. (Dex -4) [Xom's mischief]
 14305 | Lair:6   | XOM: harmless Necr miscast
 14325 | Lair:6   | XOM: polymorph rime drake -> ice beast
 14375 | Lair:6   | XOM: enchant monster (bad)
 14583 | Lair:6   | XOM: summons 7 hostile demons
 15173 | Lair:6   | XOM: summons 1 hostile demon
 15396 | D:10     | XOM: give mutations
 15396 | D:10     | Lost mutation: You are very clumsy. (Dex -4) [Xom's mischief]
 15396 | D:10     | Gained mutation: You have sharp toenails. [Xom's mischief]
 15439 | Orc:1    | Entered Level 1 of the Orcish Mines
 15664 | Orc:1    | Found a roughly hewn altar of Beogh.
 15699 | Orc:1    | XOM: mild Tmut miscast
 15729 | Orc:2    | Entered Level 2 of the Orcish Mines
 15729 | Orc:2    | Found a gateway to a bazaar.
 15775 | Bazaar   | Entered a bazaar
 15775 | Bazaar   | Found Looraopp's Magic Scroll Shop.
 15775 | Bazaar   | Found Jusch's Jewellery Emporium.
 15775 | Bazaar   | Found Veovvit's Distillery.
 15775 | Bazaar   | Found Cihapesch's Assorted Antiques.
 15778 | Bazaar   | Found Edeisum's Armour Boutique.
 15812 | Bazaar   | Bought a smoking amethyst amulet for 150 gold pieces
 15815 | Bazaar   | Bought the amulet of Vitality {Regen+ HP+15} for 444 gold pieces
 15815 | Bazaar   | Bought the ring of Goqyrues {rElec rC+ MR+ Dex+3} for 610 gold pieces
 15815 | Bazaar   | Bought an uncursed ring of see invisible for 180 gold pieces
 15815 | Bazaar   | Identified the amulet "Noago" {Harm *Contam *Drain rPois Dex+4} (You bought it in a shop in a bazaar)
 15825 | Bazaar   | Bought 2 scrolls of teleportation for 96 gold pieces
 15825 | Bazaar   | Bought a scroll of fog for 32 gold pieces
 15825 | Bazaar   | Bought a scroll of identify for 32 gold pieces
 15825 | Bazaar   | Bought a scroll of enchant armour for 120 gold pieces
 15825 | Bazaar   | Bought a scroll of recharging for 152 gold pieces
 15825 | Bazaar   | Bought a scroll of identify for 32 gold pieces
 15825 | Bazaar   | Bought a scroll of identify for 32 gold pieces
 15828 | Bazaar   | Bought a potion of haste for 110 gold pieces
 15828 | Bazaar   | Bought a potion of curing for 33 gold pieces
 15828 | Bazaar   | Bought a potion of beneficial mutation for 385 gold pieces
 15828 | Bazaar   | Bought 2 potions of cancellation for 176 gold pieces
 15828 | Bazaar   | Bought a potion of agility for 44 gold pieces
 15828 | Bazaar   | Bought a potion of resistance for 110 gold pieces
 15828 | Bazaar   | Bought 2 potions of cancellation for 176 gold pieces
 15828 | Bazaar   | Bought a potion of might for 44 gold pieces
 15828 | Bazaar   | Bought a potion of ambrosia for 88 gold pieces
 15828 | Bazaar   | Gained mutation: You are partially covered in large bone plates. (SH +4) [potion of beneficial mutation]
 15849 | Bazaar   | Bought a scroll of enchant armour for 225 gold pieces
 15857 | Bazaar   | Bought the cursed +0 pair of gloves of Joy {-Cast +Fly rC+} for 95 gold pieces
 16001 | Orc:2    | XOM: noise
 16153 | Orc:2    | Found a staircase to the Elven Halls.
 16246 | Orc:2    | XOM: noise
 16250 | Orc:2    | XOM: summons friendly crimson imp
 16266 | Orc:2    | XOM: torment (68/134 hp)
 16392 | Orc:2    | Found Zufruon's Assorted Antiques.
 16392 | Orc:2    | Found Pezel's Antique Weapon Shoppe.
 16393 | Orc:2    | Found Hantit's Antique Weapon Emporium.
 16393 | Orc:2    | Found Foxeamn's Armour Boutique.
 16401 | Orc:2    | Reached skill level 10 in Fighting
 16424 | Orc:2    | Reached XP level 15. HP: 60/126 MP: 26/26
 16431 | Orc:2    | XOM: divination: detect creatures
 16432 | Orc:2    | XOM: potion effect (brilliance)
 16433 | Orc:2    | XOM: potion effect (heal wounds)
 16452 | Orc:2    | XOM: potion effect (curing)
 16545 | Orc:2    | Bought a scroll labeled PELIKY DUOXAA for 35 gold pieces
 16781 | D:11     | Identified a +6 rod of inaccuracy (10/10) (You acquired it on level 11 of the Dungeon)
 16908 | D:13     | XOM: harmless Erth miscast
 16959 | D:13     | XOM: cloud trail
 16976 | D:13     | XOM: 9-stop teleportation journey
 17099 | D:13     | Found a gate to the Vaults.
 17100 | D:13     | XOM: divination: detect items
 17110 | D:13     | XOM: cast spell 'Olgreb's Toxic Radiance'
 17117 | D:13     | XOM: destruction
 17118 | D:13     | XOM: summons 2 friendly demons
 17151 | D:13     | XOM: destruction
 17332 | D:13     | XOM: confuse monster(s)
 17413 | D:13     | XOM: summons friendly iron imp
 17428 | D:13     | Reached skill level 10 in Armour
 17543 | D:13     | XOM: chaos cloud
 17544 | D:13     | XOM: confusion
 17753 | D:14     | XOM: blink monster(s)
 17929 | D:14     | XOM: noise
 17933 | D:14     | XOM: summons 3 friendly demons
 17935 | D:14     | XOM: cast spell 'Dispersal'
 17943 | D:14     | XOM: cleaving
 17953 | D:14     | Got a jewelled buckler
 17959 | D:14     | Identified the +3 buckler of the Nightingale {rPois rC- MR++ MP+9} (You found it on level 14 of the Dungeon)
 18035 | D:14     | XOM: mild Ice miscast
 18171 | D:14     | Found a stormy altar of Qazlal.
 18270 | D:15     | Entered Level 15 of the Dungeon
 18340 | D:15     | XOM: potion effect (haste)
 18512 | D:15     | XOM: summons 2 hostile shadow creatures
 18513 | D:15     | XOM: enchant monster (bad)
 18524 | D:15     | Reached skill level 10 in Dodging
 18529 | D:15     | XOM: blink monster(s)
 18540 | D:15     | XOM: enchant monster (bad)
 18547 | D:15     | HP: 7/145 [ettin/dire flail (12)]
 18553 | D:15     | wtf
 18800 | D:15     | Noticed Roxanne
 18820 | D:15     | Found a staircase to the Depths.
 19090 | D:15     | XOM: medium Air miscast
 19189 | D:15     | XOM: medium Tloc miscast
 19497 | Snake:1  | Entered Level 1 of the Snake Pit
 19509 | Lair:2   | Reached skill level 10 in Axes
 19572 | Snake:1  | XOM: confuse monster(s)
 19718 | Snake:1  | XOM: divine lightning
 19743 | Lair:2   | XOM: cloud trail
 19756 | Lair:2   | XOM: god gift: 5 tomahawks of returning
 19815 | Snake:1  | XOM: god gift: thin glowing staff {god gift}
 19819 | Snake:1  | XOM: summons 11 friendly demons
 19823 | Snake:1  | XOM: divine lightning (protected)
 19828 | Snake:1  | Reached skill level 11 in Axes
 19870 | Snake:1  | XOM: mild Conj miscast
 19953 | Snake:1  | XOM: divination: detect items
 19973 | Snake:1  | XOM: cleaving
 19974 | Snake:1  | Noticed Agnes
 19979 | Snake:1  | XOM: swap monsters
 20006 | Snake:1  | Killed Agnes
 20006 | Snake:1  | Reached XP level 16. HP: 100/139 MP: 27/27
 20052 | Snake:1  | XOM: polymorph naga ritualist -> queen bee
 20060 | Snake:1  | Reached skill level 12 in Axes
 20075 | Snake:1  | Noticed Nikola
 20076 | Snake:1  | XOM: cast spell 'Leda's Liquefaction'
 20081 | Snake:1  | XOM: confuse monster(s)
 20097 | Snake:1  | Killed Nikola
 20282 | Snake:2  | XOM: harmless Air miscast
 20525 | Snake:2  | Reached skill level 13 in Axes
 20688 | Snake:3  | XOM: noise
 20689 | Snake:3  | XOM: harmless Hex miscast
 20690 | Snake:3  | Found Utocimm's Distillery.
 20690 | Snake:3  | XOM: 1-stop teleportation journey
 20691 | Snake:3  | Noticed Vashnia
 20700 | Snake:3  | XOM: 2-stop teleportation journey
 20748 | Snake:3  | Reached skill level 14 in Axes
 20757 | Snake:3  | Found a runed door.
 20790 | Snake:3  | Got a pair of ichor-stained gloves
 20791 | Snake:3  | Identified the +0 pair of gloves of the Black Moon {*Drain +Blink rC+} (You found it on level 3 of the Snake Pit)
 20957 | Snake:3  | Identified the +4 ring mail of the Ten Moons {rF+} (You found it on level 3 of the Snake Pit)
 20971 | Snake:3  | XOM: swap monsters
 21014 | Snake:3  | XOM: summons friendly white imp
 21015 | Snake:3  | XOM: scenery: create altars
 21038 | Snake:3  | XOM: scenery: create altars
 21060 | Snake:3  | XOM: potion effect (invisibility)
 21110 | Snake:2  | XOM: give mutation
 21110 | Snake:2  | Gained mutation: You are weak. (Str -2) [Xom's mischief]
 21230 | Snake:3  | XOM: harmless Chrm miscast
 21234 | Snake:3  | XOM: divination: detect items
 21239 | Snake:3  | XOM: enchant monster (good)
 21267 | Snake:3  | Reached skill level 15 in Axes
 21289 | Snake:3  | XOM: swap monsters
 21309 | Snake:3  | XOM: summons friendly ufetubus
 21427 | Snake:3  | XOM: harmless Erth miscast
 21452 | Snake:3  | XOM: noise
 21466 | Snake:3  | XOM: polymorph naga sharpshooter -> manticore
 21468 | Snake:3  | XOM: divination: magic mapping
 21499 | Snake:3  | XOM: harmless Chrm miscast
 21511 | Snake:3  | XOM: noise
 21557 | Snake:3  | XOM: confusion (+ monsters)
 21577 | Snake:3  | Killed Vashnia
 21577 | Snake:3  | Reached skill level 16 in Axes
 21654 | Snake:3  | XOM: medium Fire miscast
 21703 | Snake:3  | XOM: cleaving
 21823 | Snake:3  | XOM: enchant monster (good)
 21879 | Snake:2  | XOM: scenery: create altars
 22095 | Snake:3  | XOM: god gift: shield {god gift}
 22191 | Snake:3  | XOM: snakes to sticks
 22237 | Snake:3  | Bought a potion of haste for 180 gold pieces
 22237 | Snake:3  | Bought a potion of agility for 72 gold pieces
 22237 | Snake:3  | Bought a potion of curing for 54 gold pieces
 22237 | Snake:3  | Bought a potion of haste for 180 gold pieces
 22237 | Snake:3  | Bought a potion of heal wounds for 90 gold pieces
 22237 | Snake:3  | Bought a potion of agility for 72 gold pieces
 22267 | Snake:3  | XOM: divine lightning
 22367 | Snake:4  | Entered Level 4 of the Snake Pit
 22395 | Snake:4  | Found a bloodstained altar of Trog.
 22415 | Snake:4  | Reached skill level 17 in Axes
 22419 | Snake:4  | Reached XP level 17. HP: 130/146 MP: 28/28
 22445 | Snake:4  | XOM: god gift: wand of random effects (?/48) {god gift}
 22498 | Snake:4  | XOM: fog
 22766 | Snake:4  | XOM: summons 13 friendly demons
 22773 | Snake:4  | XOM: confuse monster(s)
 22774 | Snake:4  | XOM: cast spell 'Summon Ice Beast'
 22811 | Snake:4  | Reached skill level 18 in Axes
 22846 | Snake:4  | XOM: scenery: create altars
 22851 | Snake:4  | XOM: cleaving
 22891 | Snake:4  | Found Vekhlem's Gadget Shop.
 22892 | Snake:4  | Found Ypiptel's Jewellery Emporium.
 22893 | Snake:4  | Found Ziaxtad's Gadget Shop.
 23054 | Snake:4  | XOM: god gift: glowing spear {god gift}
 23270 | Snake:4  | XOM: polymorph naga sharpshooter -> deep troll
 23328 | Snake:4  | XOM: divination: detect creatures
 23337 | Snake:4  | Reached skill level 19 in Axes
 23498 | Snake:4  | XOM: snakes to sticks
 23499 | Snake:4  | XOM: divination: detect items
 23549 | Snake:4  | XOM: cast spell 'Monstrous Menagerie'
 23990 | Snake:4  | Reached skill level 20 in Axes
 23996 | Snake:4  | XOM: cleaving
 24056 | Snake:4  | XOM: cast spell 'Summon Horrible Things'
 24092 | Snake:4  | XOM: enchant monster (good)
 24165 | Snake:4  | Got a serpentine rune of Zot
 24215 | Snake:4  | XOM: polymorph sea snake -> hell hog
 24497 | Vaults:1 | XOM: stealth player
 24497 | Vaults:1 | Entered Level 1 of the Vaults
 24577 | Vaults:1 | XOM: scenery: 1 doors close
 24697 | Vaults:1 | XOM: god gift: faintly humming cloak {god gift}
 24698 | Vaults:1 | Got a faintly humming cloak {god gift}
 24709 | Vaults:1 | Identified the +1 cloak "Weexo" {+Fly Int+5} (Xom gifted it to you on level 1 of the Vaults)
 24796 | Vaults:1 | XOM: destruction
 24808 | Vaults:1 | XOM: divine lightning
 24872 | Vaults:1 | XOM: divination: detect items
 24884 | Vaults:1 | XOM: medium Hex miscast
 25005 | Vaults:1 | XOM: harmless Fire miscast
 25032 | Vaults:1 | XOM: severe Erth miscast
 25229 | Vaults:1 | Reached XP level 18. HP: 154/154 MP: 29/29
 25497 | Vaults:1 | XOM: chaos upgrade
 25511 | Vaults:1 | XOM: summons 5 hostile demons
 25514 | Vaults:1 | Noticed murphy's ghost (adept MiBe)
 25515 | Vaults:1 | XOM: chaos upgrade
 25535 | Vaults:1 | XOM: noise
 25541 | Vaults:1 | XOM: summons friendly neqoxec
 25564 | Vaults:1 | XOM: mild Tloc miscast
 25576 | Vaults:1 | Killed murphy's ghost
 25576 | Vaults:1 | XOM: blink monster(s)
 25681 | Vaults:1 | XOM: 3-stop teleportation journey
 25924 | Vaults:1 | XOM: enchant monster (bad)
 25932 | Vaults:1 | XOM: chaos cloud
 26119 | Vaults:2 | XOM: stealth player
 26191 | Vaults:2 | XOM: enchant monster (bad)
 26232 | Vaults:2 | XOM: summons 9 friendly demons
 26283 | Vaults:2 | XOM: scenery: 4 doors open
 26300 | Vaults:2 | XOM: summons 2 friendly demons
 26423 | Vaults:1 | XOM: give mutation
 26423 | Vaults:1 | Gained mutation: Your flesh is heat resistant. (rF+) [Xom's mischief]
 26714 | Vaults:2 | XOM: summons 1 hostile demon
 26898 | Vaults:2 | XOM: divination: detect items
 26903 | Vaults:2 | XOM: divination: detect items
 26936 | Vaults:2 | XOM: fog
 27007 | Vaults:2 | XOM: 2-stop teleportation journey
 27015 | Vaults:2 | Noticed Xtahua
 27017 | Vaults:2 | XOM: fake destruction
 27051 | Vaults:2 | XOM: god gift: 29 stones
 27061 | Vaults:2 | XOM: confuse monster(s)
 27085 | Vaults:2 | XOM: cast spell 'Spider Form'
 27092 | Vaults:2 | XOM: cast spell 'Alistair's Intoxication'
 27244 | Vaults:2 | XOM: harmless Conj miscast
 27274 | Vaults:2 | XOM: cast spell 'Cause Fear'
 27277 | Vaults:2 | XOM: enchant monster (good)
 27283 | Vaults:2 | XOM: enchant monster (good)
 27285 | Vaults:2 | Noticed Xtahua
 27285 | Vaults:2 | Xtahua changed into Xtahua the hellephant
 27285 | Vaults:2 | XOM: polymorph Xtahua -> Xtahua the hellephant
 27296 | Vaults:2 | Killed Xtahua the hellephant
 27588 | Vaults:2 | XOM: fog
 27705 | Vaults:2 | Found a portal to a secret trove of treasure.
 27839 | Vaults:2 | XOM: harmless Erth miscast
 28406 | Vaults:3 | Noticed a Hell Sentinel
 28406 | Vaults:3 | XOM: summons 4 friendly demons
 28444 | Vaults:3 | Reached XP level 19. HP: 154/167 MP: 31/31
 28456 | Vaults:3 | Found a staircase to the Crypt.
 28473 | Vaults:3 | XOM: 1-stop teleportation journey
 28863 | Vaults:3 | XOM: give mutations
 28863 | Vaults:3 | Lost mutation: You have sharp toenails. [Xom's mischief]
 28863 | Vaults:3 | Gained mutation: Armour fits poorly on your strangely shaped body. [Xom's mischief]
 28863 | Vaults:3 | Gained mutation: Scrolls take you a little longer to read. [Xom's mischief]
 29041 | Vaults:3 | XOM: cast spell 'Summon Dragon'
 29366 | Vaults:3 | XOM: polymorph orc knight -> elephant
 29392 | Vaults:3 | XOM: summons friendly shadow imp
 29528 | Vaults:3 | XOM: enchant monster (good)
 29531 | Vaults:3 | XOM: polymorph deep elf mage -> ghost crab
 29903 | Vaults:4 | XOM: summons friendly white imp
 29926 | Vaults:4 | Found a ruined gateway.
 30025 | Desolati | Entered the Desolation of Salt
 30029 | Desolati | XOM: cleaving
 30068 | Desolati | XOM: cloud trail
 30136 | Desolati | XOM: mild Summ miscast
 30147 | Desolati | XOM: 2-stop teleportation journey
 30163 | Desolati | XOM: scenery: create altars
 30172 | Desolati | XOM: divine lightning (protected)
 30201 | Desolati | XOM: stat loss: -1 Dex (14/15)
 30235 | Desolati | XOM: enchant monster (good)
 30355 | Desolati | XOM: noise
 30374 | Desolati | XOM: blink monster(s)
 30380 | Desolati | XOM: scenery: create altars
 30560 | Desolati | Reached skill level 15 in Fighting
 30576 | Desolati | XOM: chaos upgrade
 30646 | Desolati | Got a scintillating pewter amulet
 30656 | Desolati | Got a dazzling falchion
 30659 | Desolati | Identified the amulet "Ruoqo" {Inacc rElec rF+++ Int-4} (You found it in the Desolation of Salt)
 30810 | Desolati | XOM: harmless Air miscast
 30947 | Desolati | Got a clouded platinum ring
 30957 | Desolati | Identified the ring "Gixir" {rF+ Dex+7} (You took it off an imperial myrmidon in the Desolation of Salt)
 30993 | Desolati | XOM: harmless Fire miscast
 31321 | Desolati | XOM: enchant monster (good)
 31363 | Desolati | Reached XP level 20. HP: 139/179 MP: 32/32
 31409 | Desolati | XOM: blink monster(s)
 31439 | Desolati | Identified the Volume of Burning Flight
 31471 | Desolati | XOM: confuse monster(s)
 31472 | Desolati | XOM: confuse monster(s)
 31490 | Desolati | XOM: potion effect (haste)
 31507 | Desolati | Got a fabulously ornate robe
 31508 | Desolati | Identified the Handbook of Unstable Stones
 31515 | Desolati | Identified the +1 robe of Nemelex Xobeh's Favour {rElec MR- Int+9 Dex+4} (You found it in the Desolation of Salt)
 31519 | Desolati | Identified the +5 falchion of Solajon {flame, Int+3 SInv} (You found it in the Desolation of Salt)
 31538 | Desolati | Identified the amulet "Dayneog" {Harm *Drain Dex+5} (You found it in the Desolation of Salt)
 31868 | Vaults:4 | Reached skill level 15 in Armour
 31931 | Vaults:4 | XOM: polymorph vault warden -> alligator snapping turtle
 31947 | Vaults:4 | XOM: divination: detect items
 31954 | Vaults:4 | XOM: confuse monster(s)
 31956 | Vaults:4 | XOM: noise
 32045 | Vaults:4 | XOM: medium Ice miscast
 32070 | Vaults:4 | XOM: medium Pois miscast
 32073 | Vaults:4 | XOM: chaos cloud
 32080 | Vaults:4 | XOM: draining
 32083 | Vaults:4 | XOM: enchant monster (bad)
 32112 | Vaults:4 | XOM: blink monster(s)
 32119 | Vaults:4 | XOM: cast spell 'Ice Form'
 32129 | Vaults:4 | XOM: confuse monster(s)
 32336 | Vaults:4 | XOM: cast spell 'Shadow Creatures'
 32387 | Vaults:4 | XOM: confuse monster(s)
 32421 | Vaults:3 | Paralysed by a floating eye for 3 turns
 32543 | Vaults:4 | XOM: medium Ice miscast
 32571 | Vaults:4 | Got a pair of transparent gloves
 32574 | Vaults:4 | Identified the +0 pair of gloves of the Boiling Point {Str+5 Slay+5} (You found it on level 4 of the Vaults)
 32634 | Vaults:4 | XOM: 3-stop teleportation journey
 32711 | Vaults:4 | XOM: smoke on damage
 32832 | Vaults:4 | XOM: confusion
 32842 | Vaults:4 | XOM: blink monster(s)
 32848 | Vaults:4 | XOM: blink monster(s)
 33010 | Vaults:4 | XOM: noise
 33041 | Vaults:4 | XOM: harmless Necr miscast
 33311 | Depths:1 | Entered Level 1 of the Depths
 33320 | Depths:1 | Found Kiqer's General Store.
 33325 | Depths:1 | Bought a scroll of teleportation for 42 gold pieces
 33325 | Depths:1 | Bought a potion of curing for 42 gold pieces
 33325 | Depths:1 | Bought a scroll of fog for 28 gold pieces
 33376 | Depths:1 | XOM: harmless Divn miscast
 33381 | Depths:1 | XOM: chaos upgrade
 33382 | Depths:1 | XOM: polymorph rakshasa -> hell hog
 33479 | Depths:1 | XOM: destruction
 33585 | Depths:1 | XOM: summons 3 hostile shadow creatures
 33641 | Depths:1 | Found a glowing golden altar of the Shining One.
 33642 | Depths:1 | Found a gateway to Hell.
 33673 | Depths:1 | Found a gateway to a ziggurat.
 33679 | Depths:1 | XOM: enchant monster (good)
 33687 | Depths:1 | XOM: confusion (+ monsters)
 33844 | Depths:1 | You fall through a shaft!
 33844 | Depths:2 | XOM: stealth player
 33887 | Depths:2 | Found a glowing silver altar of Zin.
 33983 | Depths:2 | XOM: 1-stop teleportation journey
 33984 | Depths:2 | Noticed Margery
 34028 | Depths:2 | XOM: mild Erth miscast
 34100 | Depths:2 | XOM: noise
 34178 | Depths:2 | XOM: blink monster(s)
 34186 | Depths:2 | Killed Margery
 34186 | Depths:2 | Reached skill level 15 in Dodging
 34188 | Depths:2 | this is a hoot
 34194 | Depths:2 | XOM: mild Necr miscast
 34210 | Depths:2 | Cast into level 3 of the Abyss (hell knight)
 34250 | Abyss:3  | XOM: blink monster(s)
 34276 | Abyss:3  | XOM: harmless Pois miscast
 34372 | Abyss:3  | why abyss:3
 34388 | Abyss:3  | Got an abyssal rune of Zot
 34389 | Abyss:3  | Noticed a bone dragon
 34443 | Abyss:3  | XOM: blink monster(s)
 34454 | Abyss:3  | Reached XP level 21. HP: 125/189 MP: 33/33
 34456 | Depths:2 | Escaped the Abyss
 34523 | Depths:2 | XOM: enchant monster (bad)
 34717 | Depths:2 | XOM: scenery: create altars
 34798 | Depths:2 | XOM: enchant monster (good)
 34815 | Depths:2 | XOM: polymorph rakshasa -> rakshasa
 34832 | Depths:2 | XOM: potion effect (invisibility)
 34848 | Depths:2 | XOM: medium Erth miscast
 34972 | Depths:2 | XOM: scenery: create altars
 34982 | Depths:2 | XOM: harmless Pois miscast
 34998 | Depths:2 | XOM: cleaving
 35029 | Depths:2 | XOM: fog
 35055 | Depths:2 | Noticed a golden dragon
 35062 | Depths:2 | XOM: enchant monster (bad)
 35072 | Depths:2 | XOM: fog
 35078 | Depths:2 | Killed a golden dragon
 35139 | Depths:2 | XOM: confusion
 35143 | Depths:2 | XOM: medium Necr miscast
 35163 | Depths:2 | XOM: medium Air miscast
 35359 | Depths:2 | XOM: harmless Conj miscast
 35671 | Depths:2 | XOM: chaos upgrade
 36180 | Depths:3 | XOM: scenery: create altars
 36208 | Depths:3 | Found a one-way gate to the infinite horrors of the Abyss.
 36219 | Depths:3 | Noticed Mennas
 36221 | Depths:3 | XOM: scenery: 1 doors open
 36232 | Depths:3 | XOM: summons 2 friendly demons
 36235 | Depths:3 | XOM: blink monster(s)
 36239 | Depths:3 | XOM: harmless Ice miscast
 36251 | Depths:3 | XOM: blink monster(s)
 36253 | Depths:3 | XOM: noise
 36257 | Depths:3 | Killed Mennas
 36266 | Depths:3 | XOM: divination: detect creatures
 36273 | Depths:3 | XOM: summons 11 friendly demons
 36333 | Depths:3 | XOM: give mutation
 36333 | Depths:3 | Gained mutation: You have sharp toenails. [Xom's grace]
 36459 | Depths:3 | Identified Xom's Papyrus of Precision Catastrophes (Xom gifted it to you on level 3 of the Depths)
 36459 | Depths:3 | XOM: god gift: Xom's Papyrus of Precision Catastrophes
 36462 | Depths:3 | XOM: fog
 36480 | Depths:3 | XOM: scenery: create altars
 36581 | Depths:3 | Found a one-way gate leading to the halls of Pandemonium.
 36625 | Depths:3 | Noticed a caustic shrike
 36625 | Depths:3 | Noticed a caustic shrike
 36625 | Depths:3 | Noticed a caustic shrike
 36625 | Depths:3 | Noticed a caustic shrike
 36625 | Depths:3 | Noticed a caustic shrike
 36633 | Depths:3 | XOM: summons 3 friendly demons
 36638 | Depths:3 | XOM: summons 3 friendly demons
 36645 | Depths:3 | XOM: swap monsters
 36648 | Depths:3 | a caustic shrike changed into an iron giant
 36648 | Depths:3 | XOM: polymorph caustic shrike -> iron giant
 37111 | Depths:3 | XOM: swap monsters
 37120 | Depths:3 | XOM: medium Pois miscast
 37199 | Depths:3 | XOM: medium Air miscast
 37228 | Depths:3 | XOM: harmless Conj miscast
 37298 | Depths:1 | XOM: noise
 37617 | D:13     | XOM: give mutations
 37617 | D:13     | Gained mutation: Scrolls take you longer to read. [Xom's mischief]
 37617 | D:13     | Lost mutation: You are weak. (Str -2) [Xom's mischief]
 37633 | Vaults:1 | XOM: god gift: curved glowing staff {god gift}
 37767 | Vaults:2 | You paid a toll of a +6 demon blade to enter a treasure trove
 37768 | Trove    | Entered a treasure trove
 37799 | Trove    | Got a translucent copper ring
 37802 | Trove    | Identified the ring "Maocsesk" {Slay+2 Stlth+} (You found it in a treasure trove)
 37805 | Trove    | Got a shimmering turquoise ring
 37818 | Trove    | Identified the ring "Nerhivid" {Fire Str+2 Int+3} (You found it in a treasure trove)
 37875 | Trove    | Got a crystal executioner's axe
 37882 | Trove    | Identified the +7 executioner's axe of the Tired Eyes {freeze, *Drain Str+3} (You found it in a treasure trove)
 38060 | D:12     | XOM: divination: detect creatures
 38212 | Swamp:1  | Entered Level 1 of the Swamp
 38442 | Swamp:1  | XOM: smoke on damage
 38508 | Swamp:1  | XOM: torment (105/208 hp)
 38923 | Swamp:2  | XOM: god gift: heavily runed centaur barding {god gift}
 38924 | Swamp:2  | lol
 39008 | Swamp:2  | XOM: summons 7 friendly demons
 39270 | Swamp:2  | Found an opulent altar of Gozag.
 39677 | Swamp:3  | XOM: enchant monster (good)
 39752 | Swamp:3  | Reached XP level 22. HP: 201/201 MP: 35/35
 39755 | Swamp:3  | XOM: god gift: 15 royal jellies
 39829 | Swamp:3  | XOM: cloud trail
 39969 | Swamp:3  | XOM: scenery: create altars
 40142 | Swamp:3  | XOM: 1-stop teleportation journey
 40177 | Swamp:3  | XOM: summons 14 friendly demons
 40231 | Swamp:3  | Reached skill level 21 in Axes
 40348 | Swamp:4  | Entered Level 4 of the Swamp
 40355 | Swamp:4  | XOM: summons friendly red devil
 40385 | Swamp:4  | XOM: give mutation
 40385 | Swamp:4  | Lost mutation: You are clumsy. (Dex -2) [Xom's grace]
 40547 | Swamp:4  | XOM: give mutations
 40547 | Swamp:4  | Gained mutation: Your muscles are strong. (Str +2) [Xom's grace]
 40547 | Swamp:4  | Gained mutation: Your system is resistant to poisons. (rPois) [Xom's grace]
 40589 | Swamp:4  | XOM: smoke on damage
 40592 | Swamp:4  | XOM: cast spell 'Summon Mana Viper'
 40627 | Swamp:4  | XOM: god gift: 1120 gold pieces
 40728 | Swamp:4  | XOM: mild Tloc miscast
 40969 | Swamp:4  | Got a decaying rune of Zot
 40973 | Swamp:4  | XOM: god gift: hand crossbow {god gift}
 41438 | Swamp:4  | XOM: 2-stop teleportation journey
 41470 | Swamp:3  | XOM: divination: detect items
 41523 | Swamp:2  | XOM: cloud trail
 41657 | Lair:1   | XOM: give mutations
 41657 | Lair:1   | Gained mutation: You are surrounded by a mild repulsion field. (EV +2) [Xom's grace]
 41657 | Lair:1   | Gained mutation: You are partially covered in thin metallic scales. (AC +2) [Xom's grace]
 41657 | Lair:1   | Gained mutation: You are somewhat resistant to further mutation. [Xom's grace]
 41780 | Elf:1    | Entered Level 1 of the Elven Halls
 41865 | Elf:1    | XOM: fog
 41982 | Elf:1    | Reached skill level 22 in Axes
 42457 | Elf:1    | XOM: god gift: pair of ichor-stained gloves {god gift}
 42460 | Elf:1    | Identified the +2 pair of gloves of Imperfection {*Drain Int+5} (Xom gifted it to you on level 1 of the Elven Halls)
 42929 | Elf:2    | XOM: confuse monster(s)
 42950 | Elf:2    | XOM: destruction
 42982 | Elf:2    | XOM: polymorph red devil -> rust devil
 42984 | Elf:2    | XOM: divine lightning
 43024 | Elf:2    | XOM: scenery: 2 doors close
 43118 | Elf:2    | Reached skill level 23 in Axes
 43121 | Elf:2    | XOM: confuse monster(s)
 43127 | Elf:2    | XOM: scenery: create altars
 43241 | Elf:2    | XOM: summons 11 hostile demons
 43336 | Elf:2    | Found a runed gate.
 43337 | Elf:2    | Found a runed gate.
 43340 | Elf:2    | Found a runed gate.
 43356 | Elf:2    | XOM: summons 9 friendly demons
 43539 | Elf:2    | XOM: give mutation
 43539 | Elf:2    | Gained mutation: You are robust. (+10% HP) [Xom's grace]
 43576 | Elf:2    | XOM: divination: detect items
 43693 | Elf:3    | Entered Level 3 of the Elven Halls
 44093 | Elf:3    | XOM: god gift: robe {god gift}
 44174 | Elf:3    | XOM: cast spell 'Disjunction'
 44188 | Elf:3    | XOM: confuse monster(s)
 44259 | Elf:3    | Reached skill level 24 in Axes
 44298 | Elf:3    | XOM: give mutations
 44298 | Elf:3    | Gained mutation: You are resistant to hostile enchantments. (MR+) [Xom's grace]
 44298 | Elf:3    | Gained mutation: You possess an exceptional clarity of mind. [Xom's grace]
 44298 | Elf:3    | Gained mutation: You can translocate small distances at will. [Xom's grace]
 44306 | Elf:3    | XOM: destruction
 44310 | Elf:3    | XOM: fog
 44330 | Elf:3    | Reached XP level 23. HP: 198/229 MP: 36/36
 44331 | Elf:3    | XOM: potion effect (might)
 44414 | Elf:3    | XOM: scenery: 2 doors open
 44439 | Elf:3    | XOM: god gift: shimmering tin ring {god gift}
 44442 | Elf:3    | Identified the ring of Xiuwnih {rElec rN+++ MR+ Int-4 Dex-3} (Xom gifted it to you on level 3 of the Elven Halls)
 44604 | Elf:3    | XOM: confuse monster(s)
 44707 | Elf:3    | XOM: scenery: 1 doors close
 44711 | Elf:3    | XOM: destruction
 44723 | Elf:3    | XOM: enchant monster (good)
 44741 | Elf:3    | XOM: summons friendly crimson imp
 44902 | Elf:3    | XOM: god gift: scroll of noise
 44929 | Elf:3    | Reached skill level 25 in Axes
 44991 | Elf:3    | XOM: cleaving
 45007 | Elf:3    | Identified the +6 scale mail of Pragmatism {MR+ MP-9 Int+5} (You found it on level 3 of the Elven Halls)
 45022 | Elf:3    | how does this crap still not stack
 45289 | Elf:3    | Identified the +0 leather armour "Kukhoad" {MP+9 Dex+3} (You found it on level 3 of the Elven Halls)
 45289 | Elf:3    | Identified a +3 rod of clouds (11/11) (You took it off a deep elf archer on level 3 of the Elven Halls)
 45662 | Depths:3 | XOM: cleaving
 45822 | Depths:4 | XOM: scenery: create altars
 45867 | Depths:4 | XOM: harmless Conj miscast
 46054 | Depths:4 | XOM: cast spell 'Confusing Touch'
 46194 | Depths:4 | XOM: potion effect (berserk rage)
 46315 | Depths:4 | XOM: divination: magic mapping
 46335 | Depths:4 | XOM: divination: detect creatures
 46402 | Depths:4 | XOM: potion effect (haste)
 46412 | Depths:4 | Reached skill level 26 in Axes
 46531 | Depths:4 | XOM: potion effect (brilliance)
 46557 | Depths:4 | XOM: cast spell 'Confusing Touch'
 46659 | Depths:4 | Identified the ring "Wasa" {Int+5 SInv} (You found it on level 4 of the Depths)
 46900 | Depths:5 | Entered Level 5 of the Depths
 46901 | Depths:5 | nice nethack room
 47071 | Depths:5 | XOM: silly message
 47145 | Depths:5 | XOM: potion effect (brilliance)
 47247 | Depths:5 | XOM: silly message
 47337 | Depths:5 | XOM: enchant monster (good)
 47344 | Depths:5 | XOM: scenery: create altars
 47421 | Depths:5 | Found a gate to the Realm of Zot.
 47421 | Depths:5 | XOM: 1-stop teleportation journey
 47434 | Depths:5 | XOM: butterfly on damage
 47642 | Depths:5 | XOM: fog
 47798 | Depths:5 | XOM: divination: detect items
 47815 | Depths:5 | XOM: cast spell 'Dragon Form'
 47960 | Depths:5 | XOM: potion effect (curing)
 47969 | Depths:5 | Reached XP level 24. HP: 239/239 MP: 36/36
 47995 | Depths:5 | XOM: potion effect (invisibility)
 48039 | Depths:5 | XOM: harmless Conj miscast
 48396 | Vaults:5 | Entered Level 5 of the Vaults
 48415 | Vaults:4 | XOM: divination: detect items
 48514 | Vaults:5 | XOM: harmless Pois miscast
 48646 | Vaults:5 | XOM: potion effect (haste)
 48679 | Vaults:5 | XOM: divination: detect creatures
 48704 | Vaults:5 | XOM: harmless Conj miscast
 48728 | Vaults:5 | XOM: divination: magic mapping
 48734 | Vaults:5 | Got a silver rune of Zot
 48751 | Vaults:5 | Got an ancient lead ring
 48756 | Vaults:5 | Identified the ring of Tufrufug {rElec rN+ Str+3} (You found it on level 5 of the Vaults)
 48882 | Vaults:5 | XOM: cast spell 'Confusing Touch'
 48889 | Vaults:5 | XOM: potion effect (curing)
 48912 | Vaults:5 | Identified the +2 pair of gloves of Infinity {+Fly Int+2} (You found it on level 5 of the Vaults)
 48918 | Vaults:5 | XOM: harmless Tmut miscast
 48996 | Vaults:5 | XOM: potion effect (heal wounds)
 49098 | Vaults:5 | XOM: silly message
 49190 | Vaults:5 | Identified the +0 ring mail of Petef {Dex+7} (You found it on level 5 of the Vaults)
 49279 | Vaults:5 | Found Tedumad's Distillery.
 49286 | Vaults:5 | XOM: cast spell 'Call Canine Familiar'
 49313 | Vaults:5 | Bought 2 potions of heal wounds for 130 gold pieces
 49313 | Vaults:5 | Bought a potion of agility for 52 gold pieces
 49313 | Vaults:5 | Bought a potion of heal wounds for 65 gold pieces
 49313 | Vaults:5 | Bought a potion of might for 52 gold pieces
 49313 | Vaults:5 | Bought a potion of resistance for 130 gold pieces
 49323 | Vaults:5 | XOM: harmless Divn miscast
 50322 | Orc:2    | Bought a potion of heal wounds for 175 gold pieces
 50322 | Orc:2    | Bought a scroll of recharging for 332 gold pieces
 50322 | Orc:2    | Bought a scroll of teleportation for 105 gold pieces
 50323 | Orc:2    | Bought a +2 hat of see invisible for 294 gold pieces
 50577 | Crypt:1  | Entered Level 1 of the Crypt
 50703 | Crypt:1  | XOM: enchant monster (good)
 50713 | Crypt:1  | XOM: potion effect (haste)
 50716 | Crypt:1  | Reached XP level 25. HP: 256/256 MP: 36/36
 50760 | Crypt:1  | XOM: scenery: 7 doors close
 50809 | Crypt:1  | XOM: destruction
 51080 | Crypt:1  | XOM: give mutations
 51080 | Crypt:1  | Lost mutation: You are partially covered in thin metallic scales. (AC +2) [Xom's mischief]
 51080 | Crypt:1  | Lost mutation: You possess an exceptional clarity of mind. [Xom's mischief]
 51080 | Crypt:1  | Lost mutation: You have sharp toenails. [Xom's mischief]
 51080 | Crypt:1  | Lost mutation: Armour fits poorly on your strangely shaped body. [Xom's mischief]
 51185 | Crypt:1  | XOM: summons 1 hostile demon
 51326 | Crypt:2  | XOM: 1-stop teleportation journey
 51540 | Crypt:2  | Noticed Boris
 51546 | Crypt:2  | Killed Boris
 51651 | Crypt:2  | XOM: confusion
 51668 | Crypt:2  | XOM: enchant monster (good)
 51768 | Crypt:2  | XOM: scenery: 1 doors close
 51831 | Crypt:2  | Noticed Sojobo
 51834 | Crypt:2  | XOM: summons 3 friendly demons
 51841 | Crypt:2  | XOM: enchant monster (good)
 51846 | Crypt:2  | Killed Sojobo
 51974 | Crypt:2  | XOM: cloud trail
 52090 | Crypt:3  | Entered Level 3 of the Crypt
 52100 | Crypt:3  | XOM: enchant monster (good)
 52138 | Crypt:3  | XOM: give mutation
 52138 | Crypt:3  | Gained mutation: Your skin changes colour to match your surroundings (Stealth+). [Xom's grace]
 52207 | Crypt:3  | XOM: cast spell 'Summon Small Mammal'
 52282 | Crypt:3  | XOM: medium Conj miscast
 52424 | Crypt:3  | XOM: mild Divn miscast
 52427 | Crypt:3  | XOM: scenery: create altars
 52488 | Crypt:3  | Found a staircase to the Tomb.
 52805 | Crypt:3  | Found an ancient bone altar of Kikubaaqudgha.
 52832 | Crypt:3  | XOM: polymorph soul eater -> sun demon
 52848 | Crypt:3  | XOM: cleaving
 52928 | Crypt:3  | Noticed an ancient lich
 52928 | Crypt:3  | Noticed an ancient lich
 52928 | Crypt:3  | XOM: enchant monster (good)
 52947 | Crypt:3  | XOM: fog
 53194 | Crypt:3  | Got a pitted tin ring
 53244 | Crypt:3  | Identified the ring of Sif Muna's Whim {+Fly rN+ Dex+3} (You took it off a necromancer on level 3 of the Crypt)
 53315 | Crypt:3  | Killed an ancient lich
 53317 | Crypt:3  | Got a vibrating jade ring
 53320 | Crypt:3  | Identified the ring "Buini" {rF+ rN+} (You took it off a necromancer on level 3 of the Crypt)
 53336 | Crypt:3  | XOM: cleaving
 53339 | Crypt:3  | Killed an ancient lich
 53352 | Crypt:3  | XOM: cloud trail
 53441 | Crypt:3  | Got a heavily runed silver ring
 53445 | Crypt:3  | Identified the ring "Giubun" {rElec rPois rN+ MR- Int-5} (You took it off a necromancer on level 3 of the Crypt)
 53449 | Crypt:3  | Identified the +11 crystal plate armour "Usmirgh" {rCorr Int-3 Dex+4} (You found it on level 3 of the Crypt)
 53645 | Crypt:3  | XOM: confuse monster(s)
 53837 | Crypt:1  | XOM: cloud trail
 54069 | Pan      | Entered Pandemonium
 54089 | Pan      | Found an exit through the horrors of the Abyss.
 54089 | Pan      | Found a runed door.
 54096 | Pan      | Found a runed door.
 54119 | Pan      | Found a runed door.
 54125 | Pan      | Found a runed door.
 54127 | Pan      | Noticed Tekhirgh the pandemonium lord
 54131 | Pan      | XOM: divine lightning
 54140 | Pan      | Killed Tekhirgh the pandemonium lord
 54171 | Pan      | XOM: smoke on damage
 54177 | Pan      | Noticed Fisic the pandemonium lord
 54180 | Pan      | XOM: swap monsters
 54180 | Pan      | HP: 8/279 [Ice Fiend (15)]
 54182 | Pan      | Mangled by an Ice Fiend

Vault maps used:
D:1:      roderic_dead_forest, hex_large
D:2:      led_sif_pool, nicolae_overflow_hidden_temple, dk_noncrumbling_2,
          hex_medium, uniq_natasha
D:3:      cheibriados_altar_1, grunt_decor_mini_mirrors, minmay_statues_item,
          grunt_ministairs_15, kennysheep_generic_room_12
D:4:      lemuel_coloured_pillars_altar, uniq_blork_the_orc, uniq_sigmund
D:5:      nicolae_ru_the_path_less_chosen, kennysheep_mini_moat,
          vehumet_crystals, first_bread, grunt_decor_one_mirror
D:6:      kennysheep_slugbush, serial_shops, shop, kennysheep_minor_cross,
          makhleb_altar_promises_db, uniq_eustachio, uniq_grinder, uniq_menkaure
D:8:      doesnt_xom_only_xom, kennysheep_mini, okawaru_altar_gauntlet_db,
          uniq_erica
D:9:      nicolae_overflow_crystal_walls, overflow_temple_1_default,
          lair_entry_dummy, hangedman_pestilent_swarm,
          minmay_misc_feat_four_crosses
D:10:     serial_bayou_ford_a, uniq_psyche, uniq_maurice
D:11:     kennysheep_orc_monster_closet_entryway, lab_entry_generic, uniq_grum
D:12:     lightli_minifort
D:13:     erik_vaults_2
D:14:     lemuel_doored_altar, lemuel_flamethrower_2
D:15:     hangedman_depths_entry_civil_slaughter, minmay_fountain_box,
          uniq_roxanne
Lair:2:   guppyfry_snake_entry_island, portal_ice_cave_entry_ice_beasts,
          st_stairs_7, beast_lair_carwin_1, uniq_gastronok
Lair:3:   dragon1_lemuel, swamp_mist_pool
Lair:4:   uniq_nergalle
Lair:5:   slime_dummy
Lair:6:   gammafunk_lair_ancient_temple, serial_forest,
          infiniplex_forest_straight_1, infiniplex_forest_join,
          infiniplex_forest_lined_1, infiniplex_forest_clump_double,
          infiniplex_forest_straight_4, infiniplex_forest_zigzag_1,
          serial_bayou_shore_a, infiniplex_staircase_pool_2,
          serial_bayou_shore_b
Swamp:1:  nicolae_swamp_treefoil, swamp_pool2
Swamp:2:  basic_altar, swamp_pool1
Swamp:3:  hangedman_swamp_pad, swamp_pool1
Swamp:4:  swamp_icy
Snake:1:  nicolae_snake_shapes, uniq_nikola, uniq_agnes
Snake:3:  serial_shops, shop, lightli_airlock, uniq_vashnia
Snake:4:  grunt_snake_rune_pools, basic_altar, grunt_ministairs_5,
          minmay_shop_grove
Orc:1:    minmay_orc_temple_a
Orc:2:    st_orc_ogre_mass, serial_shops, bzr_entry_customers
Elf:1:    evilmike_minifort
Elf:2:    grunt_ministairs_6
Elf:3:    minmay_elf_hall_statues, eino_tiny_chamber, nrook_loot_triangle,
          roderic_roman_lattice
Vaults:1: grunt_vaults_hallway_long, v_rooms_3, nicolae_vaults_alarming,
          dpeg_vaults_waves, nicolae_vaults_network_periphery, v_misc_8,
          ontoclasm_vaults_ligature, nicolae_vaults_little_squares_6,
          nicolae_vaults_little_ls, vaults_room_stairs_pillars
Vaults:2: nicolae_vaults_little_squares_4, nicolae_vaults_network_star,
          vaults_room_door_ring, ontoclasm_vaults_shuriken,
          grunt_vaults_hallway_long, v_alt_pattern_3, grunt_vaults_trifunnel,
          nicolae_vaults_triangles, v_rooms_4, ontoclasm_vaults_misaligned,
          vaults_dpeg_hooks, st_cells, ontoclasm_vaults_fault,
          nicolae_trove_entry_crystal, uniq_xtahua
Vaults:3: v_misc_15, nicolae_vaults_big_angled_halls,
          nicolae_vaults_little_squares_3, vaults_mumra_minichess,
          nicolae_vaults_ring_of_whatevers, minmay_crypt_entry_simple_box,
          vaults_room_grunt_arrival_ludios, nicolae_vaults_gold_heap,
          nicolae_vaults_windows_and_doors_thing, nicolae_vaults_angled_halls
Vaults:4: vaults_room_pools, ontoclasm_vaults_decontamination,
          vaults_room_door_hall, ontoclasm_vaults_hangar, st_eye,
          nicolae_vaults_ring_of_whatevers, vaults_room_grid, v_misc_15,
          nicolae_vaults_yaktaur_gun_rack, nicolae_vaults_little_squares_1,
          nicolae_vaults_rhombus_6, portal_desolation_entry_garden
Crypt:1:  roderic_lattice_octagonal_star
Crypt:2:  serial_glass, glass_columns_a, glass_columns_c, uniq_boris,
          uniq_sojobo
Crypt:3:  evilmike_haunted_forest
Depths:1: enter_ziggurat_b, serial_shops, nicolae_shop_trees, tso_metal_star,
          rand_demon_pan_entry_4, hell_entry,
          hangedman_abyss_or_decor_jellyfish_corner, nooodl_orcs_dogs
Depths:2: evilmike_hourglass, minmay_misc_feat_diagonals, grunt_metal_band,
          lemuel_statue_altar, infiniplex_staircase_x
Depths:3: minmay_diamond_stairs, grunt_hell_entry_dis_old, serial_glass,
          glass_columns_b, glass_columns_b, rand_demon_pan_entry_7, abyss_entry,
          uniq_mennas
Depths:4: cheibrodos_poisonous_passages, hell_entry, abyss_entry,
          roderic_st_hans_cross, pan_entry, serial_bayou_shore_b,
          infiniplex_staircase_door_maze
Depths:5: evilmike_zot_entry_round, pf_dread_powers_of_hell, abandoned_shop
Abyss:3:  evilmike_abyss_rune_elephants_shrine, nicolae_abyss_rune_star_stuff
Pan:      rand_demon_7, grunt_pan_spiral, pan_blood_fountain_2
Lab:      nicolae_lab_dead_adventurers, nicolae_lab_quarters, lab_hedge,
          labyrinth_skeletal_remains, nicolae_lab_t_cross
Bazaar:   bazaar_minmay_generic_island
Trove:    trove_garden
IceCv:    ice_cave_statue_garden_chambered

Skill      XL: |  1  2  3  4  5  6  7  8  9 10 11 12 13 14 15 16 17 18 19 20 21 22 23 24 25 |
---------------+----------------------------------------------------------------------------+-----
Axes           | 4 5 7 9 11 17 20 24 26 | 26.0
Staves         | 6 10 12 | 12.4
Evocations     | 2 5 10 13 15 16 17 18 19 20 | 20.2
Fighting       | 7 10 11 12 14 15 16 17 18 20 22 | 22.5
Armour         | 6 9 10 11 13 14 16 17 18 20 22 | 22.2
Dodging        | 5 8 10 12 13 15 16 18 | 18.6

Action                   |  1- 3 |  4- 6 |  7- 9 | 10-12 | 13-15 | 16-18 | 19-21 | 22-24 | 25-27 || total
-------------------------+-------+-------+-------+-------+-------+-------+-------+-------+-------++-------
Melee: Hand axe          |    62 |       |       |       |       |       |       |       |       ||    62
       Headbutt          |     9 |    17 |    43 |    99 |   220 |   336 |   475 |   420 |   172 ||  1791
       War axe           |    10 |    97 |    60 |       |       |       |       |       |       ||   167
       Staff             |       |       |   169 |   526 |  1084 |  1391 |  1046 |   740 |       ||  4956
       Unarmed           |       |       |    16 |    16 |    11 |     1 |     1 |       |       ||    45
       Bite              |       |       |       |       |     1 |       |       |       |       ||     1
       Battleaxe         |       |       |       |       |       |    20 |   570 |   177 |       ||   767
       Demon whip        |       |       |       |       |       |       |     8 |       |       ||     8
       Executioner's axe |       |       |       |       |       |       |   106 |   432 |   532 ||  1070
       Lajatang          |       |       |       |       |       |       |       |    30 |       ||    30
Throw: Tomahawk          |       |       |       |     1 |       |       |       |       |       ||     1
Evoke: Wand              |       |     2 |     7 |    27 |    54 |    64 |    15 |       |     2 ||   171
       Fan of gales      |       |       |       |       |     1 |     2 |     1 |       |       ||     4
       Disc of storms    |       |       |       |       |    27 |     7 |     2 |       |       ||    36
       Rod               |       |       |       |       |       |    32 |    20 |    24 |       ||    76
       Lamp of fire      |       |       |       |       |       |     3 |     1 |     1 |       ||     5
       Phial of floods   |       |       |       |       |       |     1 |     6 |       |       ||     7
       Sack of spiders   |       |       |       |       |       |       |     1 |       |       ||     1
  Use: Potion            |     3 |       |     9 |     4 |    11 |    16 |     9 |     3 |     2 ||    57
       Scroll            |       |     5 |     7 |    10 |    15 |    24 |    27 |    28 |     6 ||   122
 Stab: Invisible         |       |     2 |       |       |       |       |       |       |     1 ||     3
       Sleeping          |       |     1 |       |       |       |     1 |       |     1 |       ||     3
       Confused          |       |       |     1 |     4 |     4 |     7 |     6 |     5 |       ||    27
       Paralysed         |       |       |       |     2 |     5 |     4 |       |       |       ||    11
       Fleeing           |       |       |       |       |       |     1 |       |       |       ||     1
       Petrified         |       |       |       |       |       |       |    12 |     2 |       ||    14
       Distracted        |       |       |       |       |       |       |     2 |     2 |       ||     4
       Held in net/web   |       |       |       |       |       |       |     1 |       |       ||     1
  Eat: Chunk             |       |     4 |    11 |    15 |    29 |    16 |    31 |    26 |     8 ||   140
       Pizza             |       |       |       |     1 |       |     6 |     1 |     1 |       ||     9
       Fruit             |       |       |       |     1 |       |     2 |       |     1 |     2 ||     6
       Beef jerky        |       |       |       |       |     2 |     1 |     4 |     5 |     2 ||    14
Armor: Leather armour    |    21 |    20 |    75 |    36 |       |       |       |       |       ||   152
       Ring mail         |       |     1 |       |       |       |       |       |       |       ||     1
       Skin              |       |       |     7 |     3 |     7 |       |       |       |       ||    17
       Chain mail        |       |       |       |   215 |   582 |   547 |       |       |       ||  1344
       Fire dragon scale |       |       |       |       |       |    14 |   670 |   401 |       ||  1085
       Gold dragon scale |       |       |       |       |       |       |       |   125 |   192 ||   317
Dodge: Dodged            |    52 |    43 |   120 |   165 |   422 |   552 |  1078 |   865 |   247 ||  3544
Block: Other             |       |       |       |       |    76 |   156 |   229 |   198 |    56 ||   715
       Buckler           |       |       |       |       |     7 |       |       |       |       ||     7
